 Dungeon Crawl Stone Soup version 0.26.0-10-g1f06aea511 (webtiles) character file.

Game seed: 13348643344632905527

4381 Dracia the Spear-Bearer (level 10, -2/79 HPs)
             Began as a Demonspawn Monk on Jan 16, 2021.
             Was a Priest of Yredelemnul.
             Killed from afar by an electric eel (10 damage)
             ... with a bolt of electricity
             ... on level 8 of the Dungeon.
             The game lasted 00:27:17 (11685 turns).

Dracia the Spear-Bearer (Demonspawn Monk)          Turns: 11685, Time: 00:27:19

Health: -2/79      AC: 14    Str: 18    XL:     10   Next: 13%
Magic:  13/13      EV:  8    Int: 15    God:    Yredelemnul [***...]
Gold:   488        SH:  5    Dex: 15    Spells: 9/9 levels left

rFire    . . .     SeeInvis .   a - +2 trident
rCold    + . .     Faith    .   (no shield)
rNeg     . . .     Spirit   .   e - +0 chain mail
rPois    .         Reflect  +   x - +0 helmet
rElec    .         Harm     .   (no cloak)
rCorr    .         Rampage  .   y - +0 pair of gloves
Will     .....                  j - +1 pair of boots
Stlth    ..........             s - amulet of reflection
HPRegen  0.23/turn              S - +6 ring of strength
MPRegen  0.13/turn              C - ring of protection from cold

@: hasted, very quick
A: hooves 2, thin metallic scales 1, demonic guardian 1
a: Renounce Religion, Recall Undead Slaves, Injury Mirror, Animate Dead


You were on level 8 of the Dungeon.
You worshipped Yredelemnul.
Yredelemnul was most pleased with you.
You visited 2 branches of the dungeon, and saw 9 of its levels.

You collected 560 gold pieces.
You spent 72 gold pieces at shops.


Innate Abilities, Weirdness & Mutations

You have hoof-like feet.
You are partially covered in thin metallic scales. (AC +2)
A weak demonic guardian rushes to your aid.


   Skills:
 - Level 7.3 Fighting
 * Level 11.6 Polearms
 - Level 2.6 Dodging
 - Level 1.7 Stealth
 + Level 5.2 Invocations


You had 9 spell levels left.
You didn't know any spells.
Your spell library was empty.

Inventory:

Hand Weapons
 a - a +2 trident (weapon)
 b - a +0 fustibalus
 h - a +1 spear
 B - a -1 trident
Missiles
 f - 178 stones (quivered)
 p - a poisoned dart
 A - 2 atropa-tipped darts
Armour
 e - a +0 chain mail (worn)
 j - a +1 pair of boots (worn)
 l - a +0 scale mail
 u - a +0 robe
 x - a +0 helmet (worn)
 y - a +0 pair of gloves (worn)
Magical Staves
 m - an uncursed staff of fire {!a!a, unknown}
Jewellery
 s - an amulet of reflection (around neck)
 C - a ring of protection from cold (right hand)
 S - a +6 ring of strength (left hand)
Wands
 d - a wand of polymorph (1)
 n - a wand of iceblast (11)
 r - a wand of digging (6)
Scrolls
 c - 5 scrolls of remove curse {@r2@r2}
 i - a scroll of amnesia
 w - a scroll of teleportation {@r4@r4}
 z - a scroll of immolation {unknown}
 E - a scroll of magic mapping {unknown}
Potions
 g - a potion of mutation
 k - a potion of lignification
 q - a potion of ambrosia
 v - 2 potions of brilliance
 D - 2 potions of curing {@q1@q1}

Dungeon Overview and Level Annotations

Branches:
Dungeon (8/15)             Temple (1/1) D:6            Lair (0/6) D:8

Altars:
Ashenzari
Cheibriados
Dithmenos
Fedhas
Gozag
Kikubaaqudgha
Makhleb
Nemelex Xobeh
Okawaru
Qazlal
Ru
Sif Muna
Trog
Uskayaw
Vehumet
Yredelemnul
The Shining One

Shops:
D:3 *   D:8 (!(

Annotations:
D:8 2 runed translucent doors, Raspi's ghost, novice FoHu

### ### P.≈≈ ######## #).
≈≈≈P≈ #......# #..
P≈≈≈≈.##########......#
#..
♣≈;....@...........###..
♣;;...######.............
♣≈≈≈≈.# #>#........#..
♣≈♣♣≈≈≈$ ###......#.#..
≈≈ P≈♣P≈# #........... ≈
P≈≈≈♣.. #......#....


PP.P≈≈PP #.........). ...P≈≈≈P #######..... #(.... You could see 3 electric
eels.


Message History

The electric eel shoots out a bolt of lightning at you!
The bolt of electricity hits the plant!
The bolt of electricity hits you!
* * * LOW HITPOINT WARNING * * *
The electric eel shoots out a bolt of lightning at you!
The bolt of electricity hits you!
* * * LOW HITPOINT WARNING * * *
The electric eel shoots out a bolt of lightning at you!
The bolt of electricity hits you!
* * * LOW HITPOINT WARNING * * *
A nearby plant withers and dies.
The electric eel shoots out a bolt of lightning at you!
The bolt of electricity hits you.
* * * LOW HITPOINT WARNING * * *
The electric eel shoots out a bolt of lightning at you!
The bolt of electricity hits the electric eel.
The electric eel completely resists.
The bolt of electricity hits you.
* * * LOW HITPOINT WARNING * * *
You feel much better.
The electric eel shoots out a bolt of lightning at you!
The bolt of electricity hits you.
* * * LOW HITPOINT WARNING * * *
Okay, then.
You feel yourself speed up.
The electric eel shoots out a bolt of lightning at you!
The bolt of electricity hits you!
* * * LOW HITPOINT WARNING * * *
The electric eel shoots out a bolt of lightning at you!
The bolt of electricity hits you!
You die...
Your body rises from the dead as a mindless zombie.

Skill      XL: |  1  2  3  4  5  6  7  8  9 10 |
---------------+-------------------------------+-----
Polearms       | 3 4 5 6 7 8 10 11 | 11.6
Fighting       | 4 5 6 7 |  7.3
Invocations    | 4 5 |  5.2
Dodging        | |  2.6
Stealth        | |  1.7

Action                   |  1- 3 |  4- 6 |  7- 9 | 10-12 || total
-------------------------+-------+-------+-------+-------++-------
Melee: Spear             |   120 |   391 |   499 |       ||  1010
       Trident           |       |       |   147 |    45 ||   192
 Fire: Fustibalus        |       |       |    24 |       ||    24
Throw: Stone             |     7 |       |    13 |       ||    20
       Dart              |       |       |    20 |       ||    20
Evoke: Wand              |       |     2 |     7 |       ||     9
  Use: Scroll            |     7 |     4 |     9 |       ||    20
       Potion            |       |     1 |     3 |     2 ||     6
 Stab: Sleeping          |     3 |       |       |       ||     3
       Distracted        |       |       |     7 |       ||     7
Armor: Robe              |     3 |       |       |       ||     3
       Scale mail        |    20 |    56 |       |       ||    76
       Chain mail        |       |    42 |   237 |     9 ||   288
Dodge: Dodged            |    38 |   126 |   147 |     6 ||   317
Block: Other             |       |       |    93 |     8 ||   101
       Reflection        |       |       |     1 |     1 ||     2

Levels and vault maps discovered:
D:1:      saegor_arrival_miasma, layout_rooms
D:2:      minmay_diamond_boxcup, layout_loops_corners, minmay_circled_x
D:3:      layout_loops_corners, minmay_misc_feat_rugged,
          nicolae_gozag_zags_fifth_avenue
D:4:      layout_rooms, grunt_temple_overflow_cloverleaf, st_stairs_8
D:5:      layout_rooms, chequers_temple_overflow_statue_of_worship, uniq_grinder
D:6:      layout_loops_cross, minmay_temple_entry_nine_rooms, minmay_holes,
          hangedman_abyss_or_decor_lesser_grid, chequers_serial_rivers_micro_b,
          uniq_pikel, uniq_blork_the_orc, uniq_edmund, uniq_duvessa,
          uniq_eustachio
D:7:      layout_gridville, basic_altar, minivault_14
D:8:      layout_rooms, lair_entry_dummy, serial_shops, shop,
          nicolae_shop_overgrown_old_shop, shop, shop_statue,
          ebering_ghost_disaster_area, serial_bayou_lagoon_a, item_on_display_b,
          uniq_prince_ribbit1
Temple:   eino_temple_rhombus

Notes
Turn   | Place    | Note
-------+----------+-------------------------------------------
     0 | D:1      | Dracia the Demonspawn Monk began the quest for the Orb.
     0 | D:1      | Reached XP level 1. HP: 18/18 MP: 1/1
    65 | D:1      | Reached skill level 3 in Polearms
   283 | D:1      | Gained mutation: A weak demonic guardian rushes to your
                  | aid. [demonic ancestry]
   283 | D:1      | Reached XP level 2. HP: 24/24 MP: 2/2
   754 | D:2      | Gained mutation: You have large cloven feet. [demonic
                  | ancestry]
   754 | D:2      | Reached XP level 3. HP: 28/29 MP: 3/3
   885 | D:2      | Reached skill level 4 in Polearms
  1312 | D:2      | Reached XP level 4. HP: 29/35 MP: 4/4
  1709 | D:2      | Reached skill level 5 in Polearms
  2356 | D:3      | Found an opulent altar of Gozag.
  2356 | D:3      | Found Gozag's Platinum Reserve.
  2678 | D:3      | Gained mutation: You have hoof-like feet. [demonic
                  | ancestry]
  2678 | D:3      | Reached XP level 5. HP: 39/41 MP: 5/5
  3846 | D:3      | Reached skill level 6 in Polearms
  4039 | D:3      | Reached XP level 6. HP: 41/47 MP: 6/6
  4392 | D:4      | Found a bloodstained altar of Trog.
  4395 | D:4      | Found a stormy altar of Qazlal.
  4398 | D:4      | Found a snail-covered altar of Cheibriados.
  4419 | D:4      | Found a blossoming altar of Fedhas.
  4772 | D:4      | Reached skill level 4 in Fighting
  4772 | D:4      | Reached skill level 7 in Polearms
  4772 | D:4      | Reached XP level 7. HP: 54/54 MP: 7/7
  5145 | D:5      | Entered Level 5 of the Dungeon
  5503 | D:5      | Found a sacrificial altar of Ru.
  5505 | D:5      | Found an ancient bone altar of Kikubaaqudgha.
  5508 | D:5      | Noticed Grinder
  5533 | D:5      | Killed Grinder
  5534 | D:5      | Reached skill level 5 in Fighting
  5534 | D:5      | Reached skill level 8 in Polearms
  5534 | D:5      | Gained mutation: You are partially covered in thin metallic
                  | scales. (AC +2) [demonic ancestry]
  5534 | D:5      | Reached XP level 8. HP: 48/62 MP: 8/8
  6106 | D:6      | Noticed Blork the orc
  6122 | D:6      | Killed Blork the orc
  6226 | D:6      | HP: 6/63 [poisoned by a killer bee]
  6234 | D:6      | HP: 6/63 [poisoned by a killer bee]
  6242 | D:6      | HP: 5/63 [poisoned by a killer bee]
  6700 | D:6      | HP: 4/64 [orc warrior/+0 halberd (16)]
  6705 | D:6      | Reached skill level 9 in Polearms
  6715 | D:6      | Reached skill level 6 in Fighting
  6953 | D:6      | Noticed Eustachio
  6980 | D:6      | Killed Eustachio
  7019 | D:6      | Noticed Pikel
  7049 | D:6      | Noticed Edmund
  7480 | D:5      | Killed Pikel
  7481 | D:5      | Reached skill level 10 in Polearms
  7481 | D:5      | Reached XP level 9. HP: 54/71 MP: 9/9
  7624 | D:5      | Reached skill level 7 in Fighting
  7922 | D:6      | Noticed Duvessa
  7928 | D:5      | Noticed Edmund
  7928 | D:5      | Edmund changed into Edmund the gnoll
  7939 | D:5      | Killed Edmund the gnoll
  7949 | D:6      | Noticed Dowan
  8431 | D:5      | Killed Duvessa
  8440 | D:5      | Killed Dowan
  8568 | D:6      | Found a staircase to the Ecumenical Temple.
  8759 | Temple   | Entered the Ecumenical Temple
  8798 | Temple   | Became a worshipper of Yredelemnul the Dark
  8798 | Temple   | Reached * piety under Yredelemnul
  8798 | Temple   | Reached ** piety under Yredelemnul
  9225 | D:7      | Reached skill level 1 in Invocations
  9347 | D:7      | Reached skill level 2 in Invocations
  9800 | D:7      | Reached skill level 3 in Invocations
 10108 | D:7      | Reached skill level 11 in Polearms
 10406 | D:7      | Found a radiant altar of Vehumet.
 10606 | D:7      | Identified a +0 robe of resistance
 10645 | D:7      | Reached skill level 4 in Invocations
 10948 | D:8      | Found a large runed translucent door.
 10949 | D:8      | Found a large runed translucent door.
 10950 | D:8      | Noticed Raspi's ghost (novice FoHu)
 10977 | D:8      | Found Mesepsur's Antique Weapon Shoppe.
 10995 | D:8      | Noticed Prince Ribbit
 11010 | D:8      | Killed Prince Ribbit
 11016 | D:8      | Noticed a troll
 11214 | D:7      | Killed a troll
 11215 | D:7      | Reached XP level 10. HP: 26/79 MP: 13/13
 11486 | D:8      | Found Licsuw's Distillery.
 11493 | D:8      | Found Jairoa's Antique Weapon Shoppe.
 11504 | D:8      | Reached skill level 5 in Invocations
 11527 | D:8      | Bought a potion of curing for 36 gold pieces
 11527 | D:8      | Bought a potion of curing for 36 gold pieces
 11564 | D:8      | Reached *** piety under Yredelemnul
 11668 | D:8      | Found a staircase to the Lair.
 11683 | D:8      | HP: 6/79 [electric eel/bolt of electricity (6)]
 11685 | D:8      | Killed from afar by an electric eel

Vanquished Creatures
  A troll (D:7)
  Prince Ribbit (D:8)
  Eustachio (D:6)
  Duvessa (D:5)
  A black bear (D:8)
  5 orc warriors
  4 phantoms
  A sky beast (D:6)
  An ogre (D:6)
  A centaur (D:8)
  A lemure (D:5)
  A big kobold (D:7)
  A bullfrog (D:8)
  Blork the orc (D:6)
  Dowan (D:5)
  2 scorpions
  A killer bee (D:6)
  3 wights
  An electric eel (D:7)
  2 howler monkeys (D:7)
  2 hounds
  3 jellies
  8 orc priests
  A centaur skeleton (D:7)
  6 orc wizards
  2 bullfrog skeletons (D:7)
  4 iguanas
  2 worker ants
  A hound zombie (D:6)
  2 hound skeletons
  A howler monkey zombie (D:6)
  3 worker ant zombies
  8 gnolls
  9 adders
  A white imp (D:7)
  2 ufetubi
  An adder skeleton (D:6)
  8 worms
  2 dart slugs
  9 leopard geckos
  38 orcs
  3 ball pythons (D:2)
  5 giant cockroaches
  6 goblins
  11 hobgoblins
  6 jackals
  2 quokkas
  8 bats
  4 frilled lizards
  16 kobolds
  A leopard gecko skeleton (D:4)
  A quokka zombie (D:3)
  5 rats
212 creatures vanquished.

Vanquished Creatures (collateral kills)
  Pikel (D:5)
  Grinder (D:5)
  An ice beast (D:5)
  2 centaurs
  A bullfrog (D:8)
  A wight (D:6)
  A howler monkey (D:7)
  An orc priest (D:3)
  2 orc wizards
  A worker ant (D:4)
  A hound skeleton (D:7)
  An adder (D:2)
  An ooze (D:2)
  A dart slug (D:2)
  4 orcs
  A quokka (D:6)
21 creatures vanquished.

Vanquished Creatures (others)
  22 plants (D:8)
22 creatures vanquished.

Grand Total: 255 creatures vanquished

Table legend: (Time is in decaauts)
 A = Elapsed time spent in this place.
 B = Non-inter-level travel time spent in this place.
 C = Inter-level travel time spent in this place.
 D = Time resting spent in this place.
 E = Time spent auto-exploring this place.
 F = Levels seen in this place.
 G = Mean time per level.
                   A        B        C        D        E       F      G
               +--------+--------+--------+--------+--------+-----+--------+
         Total |  11410 |  11038 |    372 |   2996 |   6142 |   9 | 1267.8 |
       Dungeon |  11354 |  10998 |    356 |   2996 |   6108 |   8 | 1419.2 |
        Temple |     55 |     39 |     16 |      0 |     34 |   1 |   55.0 |
               +--------+--------+--------+--------+--------+-----+--------+

Top non-repeatable levels by time:
     D:7: 2172 daAuts
     D:5: 2089 daAuts
     D:3: 1700 daAuts
     D:6: 1663 daAuts
     D:2: 1549 daAuts
     D:4: 1029 daAuts
     D:1: 779 daAuts
     D:8: 369 daAuts
  Temple: 55 daAuts

Table legend:
 A = Non-vault XP
 B = Vault XP
 C = Vault XP percentage of total XP
 D = Non-vault monster count
 E = Vault monster count
 F = Vault count percentage of total count
                 A         B        C        D         E       F
            +---------+---------+-------+---------+---------+-------
      Total |    4728 |    1531 |  24.5 |     211 |      21 |   9.1
            +---------+---------+-------+---------+---------+-------
        D:1 |      23 |       0 |   0.0 |      15 |       0 |   0.0
        D:2 |     118 |      37 |  23.9 |      34 |      13 |  27.7
        D:3 |     221 |       0 |   0.0 |      29 |       0 |   0.0
        D:4 |     476 |       0 |   0.0 |      28 |       0 |   0.0
        D:5 |     839 |    1078 |  56.2 |      26 |       5 |  16.1
        D:6 |     824 |     258 |  23.8 |      27 |       2 |   6.9
        D:7 |    1508 |       0 |   0.0 |      34 |       0 |   0.0
        D:8 |     719 |     158 |  18.0 |      18 |       1 |   5.3
            +---------+---------+-------+---------+---------+-------
